 Dungeon Crawl Stone Soup version 0.17-a0-2073-gde5cdba (webtiles) character file.

1379 vatarom the Twirler (level 8, -2/61 HPs)
             Began as a Demonspawn Gladiator on Oct 15, 2015.
             Was an Initiate of Ru.
             Slain by an orc warrior
             ... wielding a +0 long sword
              (10 damage)
             ... on level 7 of the Dungeon.
             The game lasted 00:15:24 (6230 turns).

vatarom the Twirler (Demonspawn Gladiator)          Turns: 6230, Time: 00:15:24

Health: -2/61      AC: 13    Str: 17    XL:     8   Next: 39%
Magic:  8/8        EV: 12    Int:  9    God:    Ru [......]
Gold:   379        SH:  3    Dex: 13    Spells: 0 memorised, 7 levels left

rFire  . . .     SeeInvis .     a - +2 quarterstaff
rCold  . . .     Clarity  .     f - +0 ring mail
rNeg   . . .     SustAt   .     (no shield)
rPois  .         Gourm    .     (helmet restricted)
rElec  .         Spirit   .     n - +0 cloak
rCorr  .         Warding  .     q - +2 pair of gloves
rMut   .         Stasis   .     (no boots)
MR     .....                    (no amulet)
Stlth  ..........               (no ring)
                                p - ring of stealth

@: about to teleport, very slightly contaminated, hasted, very quick, not
resistant to hostile enchantments, extremely unstealthy
A: horns 1, large bone plates 2, clumsy 1, powered by pain 1, rot immunity, no
stealth
a: Renounce Religion


You were on level 7 of the Dungeon.
You worshipped Ru.
Ru was noncommittal.
You were not hungry.

You visited 2 branches of the dungeon, and saw 8 of its levels.

You collected 379 gold pieces.

Inventory:

Hand Weapons
 a - a +2 quarterstaff (weapon)
Missiles
 i - 4 throwing nets (quivered)
Armour
 c - a +1 helmet
 f - a +0 ring mail (worn)
 n - a +0 cloak (worn)
 q - a +2 pair of gloves (worn)
Jewellery
 b - an uncursed ring of protection from cold
 p - a ring of stealth (left hand)
Wands
 j - a wand of fireball (12)
 m - a wand of lightning (9)
Scrolls
 g - 4 scrolls of identify
 k - a scroll of remove curse
 l - 4 scrolls of amnesia
 o - 2 scrolls of magic mapping
Potions
 h - a potion of flight {unknown}
Comestibles
 d - a slice of pizza
 e - 3 bread rations
 s - 2 beef jerkies
 t - 12 fruits


   Skills:
 - Level 4.5 Fighting
 + Level 6.5 Staves
 - Level 2.0 Throwing
 - Level 6.0 Armour
 - Level 2.8 Dodging


You had 7 spell levels left.
You didn't know any spells.

Dungeon Overview and Level Annotations

Branches:
Dungeon (7/15)             Temple (1/1) D:4

Altars:
Ashenzari
Cheibriados
Dithmenos
Elyvilon
Fedhas
Gozag
Makhleb
Nemelex Xobeh
Okawaru
Qazlal
Ru
Sif Muna
Trog
Vehumet
Xom
Yredelemnul
Zin
The Shining One


Innate Abilities, Weirdness & Mutations

You are mostly covered in large bone plates (AC +3, SH +3).
You sometimes gain a little power by taking damage.
You are immune to rotting.
You cannot be stealthy.
You have a pair of small horns on your head.
You are clumsy. (Dex -2)


Message History

You completely miss the orc warrior.
The orc warrior hits you with a long sword!
* * * LOW HITPOINT WARNING * * *
You barely miss the orc warrior.
Drink which item? (? for menu, Esc to quit)
You feel better.
The orc warrior hits you but does no damage.
You hit the orc warrior. You headbutt the orc warrior.
The orc warrior is lightly wounded.
You hit the orc warrior.
The orc warrior is moderately wounded.
The orc warrior hits you with a long sword!
* * * LOW HITPOINT WARNING * * *
You closely miss the orc warrior.
The orc warrior is moderately wounded.
Read which item? (? for menu, Esc to quit)
As you read the scroll of teleportation, it crumbles to dust.
You feel strangely unstable.
The orc warrior hits you with a long sword!
You die...

#####.#<.........#
......############
#####........
........#####
###.#.#.#
....#.#.#
###.#.#.# #...#.#
################.
#.###.#
#.......@oo.ol...
#.# ..#
#.############...
#.# .. #.#
#.#######.#
#.........#
#.######### ###


You could see an orc warrior, an iguana, an orc priest and an orc.

Vanquished Creatures
  A sky beast (D:6)
  2 ice beasts (D:5)
  An ogre (D:5)
  A giant frog (D:7)
  2 jellies
  A crimson imp (D:5)
  An orc priest (D:6)
  A quasit (D:6)
  A giant frog zombie (D:7)
  A giant frog skeleton (D:6)
  3 hounds (D:5)
  2 iguanas
  3 orc wizards
  A gnoll shaman (D:6)
  4 worker ants
  9 gnolls (D:6)
  17 adders
  An adder zombie (D:7)
  3 worms
  2 giant geckos
  18 orcs
  10 goblins
  12 hobgoblins
  3 jackals (D:5)
  11 bats
  10 giant cockroaches
  2 giant newts
  4 kobolds
  4 quokkas
  14 rats
145 creatures vanquished.

Notes
Turn   | Place    | Note
--------------------------------------------------------------
     0 | D:1      | vatarom the Demonspawn Gladiator began the quest for the Orb.
     0 | D:1      | Reached XP level 1. HP: 16/16 MP: 1/1
   176 | D:1      | Gained mutation: You are immune to rotting. [demonic ancestry]
   176 | D:1      | Reached XP level 2. HP: 22/22 MP: 2/2
   185 | D:1      | Reached skill level 3 in Staves
   336 | D:1      | Reached skill level 1 in Armour
   786 | D:1      | Gained mutation: You are partially covered in large bone plates (AC +2, SH +2). [demonic ancestry]
   786 | D:1      | Reached XP level 3. HP: 22/27 MP: 3/3
  1430 | D:2      | Reached XP level 4. HP: 33/33 MP: 4/4
  1878 | D:3      | Found a basalt altar of Yredelemnul.
  2247 | D:4      | Found a sparkling altar of Nemelex Xobeh.
  2453 | D:4      | Reached skill level 4 in Armour
  2453 | D:4      | Reached XP level 5. HP: 31/38 MP: 5/5
  2496 | D:4      | Got a scorched trident
  2498 | D:4      | Identified the cursed +2 trident "Earthworm" {pain, Int+2} (You found it on level 4 of the Dungeon)
  2564 | D:4      | HP: 1/38 [poisoned by an adder]
  3143 | D:4      | Found a staircase to the Ecumenical Temple.
  3174 | Temple   | Entered the Ecumenical Temple
  3239 | Temple   | Became a worshipper of Ru the Awakened
  3533 | D:5      | Entered Level 5 of the Dungeon
  3533 | D:5      | Noticed an ice beast
  3540 | D:5      | Killed an ice beast
  3540 | D:5      | Reached skill level 5 in Armour
  3540 | D:5      | Gained mutation: You sometimes gain a little power by taking damage. [demonic ancestry]
  3540 | D:5      | Reached XP level 6. HP: 44/44 MP: 6/6
  3889 | D:5      | Reached skill level 6 in Armour
  4171 | D:5      | Noticed an ogre
  4179 | D:5      | Killed an ogre
  4179 | D:5      | Reached XP level 7. HP: 39/52 MP: 7/7
  4324 | D:5      | Noticed an ice beast
  4337 | D:5      | Killed an ice beast
  4571 | D:6      | Gained mutation: You cannot be stealthy. [Ru sacrifice]
  4731 | D:6      | Gained mutation: You have a pair of small horns on your head. [mutagenic meat]
  4732 | D:6      | Gained mutation: You are clumsy. (Dex -2) [mutagenic meat]
  5227 | D:6      | Reached skill level 5 in Staves
  5227 | D:6      | Gained mutation: You are mostly covered in large bone plates (AC +3, SH +3). [demonic ancestry]
  5227 | D:6      | Reached XP level 8. HP: 53/61 MP: 8/8
  5805 | D:7      | Found an opulent altar of Gozag.
  5806 | D:7      | Found a glowing silver altar of Zin.
  6230 | D:7      | Slain by an orc warrior

Vault maps used:
D:1:      minmay_arrival_three_doors, minivault_5
D:2:      minmay_surrounded
D:3:      lemuel_crystal_altar
D:4:      nemelex_deck, lemuel_temple_firewalk_marked, first_bread,
          patterned_corridor
D:6:      gup_sewer_entry_glass
D:7:      grunt_temple_overflow_gold_and_silver
Temple:   water_room_temple_a_12

Action                   |  1- 3 |  4- 6 |  7- 9 || total
-------------------------+-------+-------+-------++-------
Melee: Quarterstaff      |   143 |   235 |   209 ||   587
Throw: Throwing net      |     5 |     1 |     1 ||     7
Invok: Sacrifice Stealth |       |       |     1 ||     1
Evoke: Wand              |     1 |       |     1 ||     2
  Use: Scroll            |     5 |    10 |     3 ||    18
       Potion            |     3 |     4 |     5 ||    12
 Stab: Sleeping          |     1 |     1 |     1 ||     3
       Held in net/web   |       |     1 |       ||     1
  Eat: Bread ration      |     1 |       |       ||     1
       Beef jerky        |       |     1 |       ||     1
       Meat ration       |       |     1 |     2 ||     3
       Chunk             |       |       |     2 ||     2
